 Dungeon Crawl Stone Soup version 0.21-a0-404-g291f19a (webtiles) character file.

52 FerrousOx the Digger (level 3, 0/19 HPs)
             Began as a Gargoyle Earth Elementalist on Oct 31, 2017.
             Killed by divine providence
             ... invoked by an orc priest
              (12 damage)
             ... on level 2 of the Dungeon.
             The game lasted 00:02:51 (1378 turns).

FerrousOx the Digger (Gargoyle Earth Elementalist)  Turns: 1378, Time: 00:02:51

Health: 0/19       AC:  5    Str: 11    XL:     3   Next: 85%
Magic:  4/6        EV: 12    Int: 16    God:
Gold:   58         SH:  0    Dex: 10    Spells: 6/7 levels left

rFire    . . .     SeeInvis .   j - +4 short sword
rCold    . . .     Gourm    +   (no shield)
rNeg     + . .     Faith    .   c - +0 robe
rPois    ∞         Spirit   .   (no helmet)
rElec    +         Reflect  .   (no cloak)
rCorr    .         Harm     .   (no gloves)
MR       .....                  (no boots)
Stlth    ++........             o - amulet of the gourmand
HPRegen  0.06/turn              (no ring)
MPRegen  0.10/turn              (no ring)

@: very slightly contaminated
A: negative energy resistance 1, electricity resistance, unbreathing,
petrification resistance, rot immunity, AC +3
a: no special abilities


You were on level 2 of the Dungeon.
You were not hungry.

You visited 1 branch of the dungeon, and saw 2 of its levels.

You collected 58 gold pieces.

Inventory:

Hand Weapons
 j - a +4 short sword (weapon)
Missiles
 b - 55 stones (quivered)
Armour
 c - a +0 robe (worn)
Jewellery
 o - an amulet of the gourmand (around neck)
Scrolls
 a - a scroll of remove curse
 f - a scroll of blinking {unknown}
 h - a scroll of noise {unknown}
 i - 2 scrolls of identify {unknown}
 l - a scroll of magic mapping {unknown}
 m - a scroll of fear {unknown}
Potions
 g - a potion of curing
Books
 e - a book of Geomancy

   Spells                             Type                      Level
   a - Sandblast                      Earth                        1
   b - Passwall                       Transmutation/Earth          2
   c - Stone Arrow                    Conjuration/Earth            3
   d - Petrify                        Transmutation/Earth          4
   e - Lee's Rapid Deconstruction     Earth                        5
Comestibles
 d - 2 bread rations
 k - 4 fruits
 p - a meat ration
 q - a royal jelly


   Skills:
 + Level 0.2 Fighting
   Level 0.1 Maces & Flails
 - Level 1.5 Dodging
 - Level 2.6 Stealth
 - Level 1.0 Unarmed Combat
 + Level 2.6 Spellcasting
   Level 0.7 Transmutations
 + Level 4.4 Earth Magic


You had 6 spell levels left.
You knew the following spells:

 Your Spells              Type           Power        Failure   Level  Hunger
a - Sandblast             Erth           ###...       3%          1    #......


Dungeon Overview and Level Annotations

Branches:
Dungeon (2/15)

Altars:


Innate Abilities, Weirdness & Mutations

You are resistant to torment.
Your stone body is resilient. (AC +3)
You are immune to poison.
You resist negative energy. (rN+)
You are resistant to electric shocks. (rElec)
You can survive without breathing.
You are immune to petrification.
You are immune to rotting.


Message History

Aim: an adder The blast of sand misses the adder.
b - 56 stones The adder barely misses you.
Casting: Sandblast
Confirm with . or Enter, or press ? or * to list all spells.
Aiming: Sandblast
Press: ? - help, Shift-Dir - straight line, f/p - adder
Aim: an adder The blast of sand hits the adder.
The adder is severely wounded.
b - 55 stones The adder misses you.
The adder closely misses you.
It was a potion of curing.
You feel better. The adder misses you.
The orc priest looks braver for a moment.
The adder bites you but does no damage.
The orc priest invokes the aid of Beogh against you.
Beogh smites you!
Ouch! That really hurt!
You die...

#..###.#
#..###.#
#...##.#
#.#.##.#
#.#.##.#
#####.#.##.#
..$..#.##.#
#.##.#..#.#
#####@#####.#.#
##...S.....#.#.#
#.o#######...#.#
#.###oo$###..#.#
#.##.o...##....#
#.#.......#.#..#
#o#.8...8.#.#..#
#.#.......#.#..#
#.#.......#.#..#


You could see an orc priest, an adder and 3 orcs.

Vanquished Creatures
  An adder (D:2)
  2 leopard geckos (D:1)
  An orc (D:2)
  2 giant cockroaches
  2 goblins (D:1)
  3 hobgoblins (D:1)
  4 jackals (D:2)
  A quokka (D:2)
  9 bats
  2 frilled lizards
  5 kobolds
  6 rats
38 creatures vanquished.

Notes
Turn   | Place    | Note
-------+----------+-------------------------------------------
     0 | D:1      | FerrousOx the Gargoyle Earth Elementalist began the quest for the Orb.
     0 | D:1      | Reached XP level 1. HP: 10/10 MP: 3/3
   370 | D:1      | Reached XP level 2. HP: 15/15 MP: 0/5
   495 | D:1      | Reached skill level 1 in Unarmed Combat
   701 | D:1      | Reached skill level 4 in Earth Magic
   981 | D:1      | Reached XP level 3. HP: 19/19 MP: 4/6
  1378 | D:2      | Killed from afar by an orc priest

Vault maps used:
D:1:      dpeg_arrival_subterranean_lakeside_camping
D:2:      cheibrodos_pilgrimage

Skill      XL: |  1  2 |
---------------+-------+-----
Unarmed Combat | 1 |  1.0
Earth Magic    | 4 |  4.4
Fighting       | |  0.2
Maces & Flails | |  0.1
Dodging        | |  1.5
Stealth        | |  2.6
Spellcasting   | |  2.6
Transmutations | |  0.7

Action                   || total
-------------------------++-------
Melee: Unarmed           ||    22
       Club              ||    17
       Short sword       ||    27
 Cast: Sandblast         ||    38
  Use: Scroll            ||     1
       Potion            ||     1
 Stab: Sleeping          ||     2
  Eat: Chunk             ||     6
Armor: Robe              ||    71
Dodge: Dodged            ||   111

Table legend:
 A = Spawn XP
 B = Non-spawn XP
 C = Spawn XP percentage of total XP
 D = Spawn monster count
 E = Non-spawn monster count
 F = Spawn count percentage of total count
 G = Total turns spent on level
                    A         B        C        D         E        F      G
               +---------+---------+-------+---------+---------+-------+---------
         Total |       0 |      75 |   0.0 |       0 |      38 |   0.0 |  1378
               +---------+---------+-------+---------+---------+-------+---------
           D:1 |       0 |      37 |   0.0 |       0 |      23 |   0.0 |  1092
           D:2 |       0 |      38 |   0.0 |       0 |      15 |   0.0 |   286
               +---------+---------+-------+---------+---------+-------+---------
